 Dungeon Crawl Stone Soup version 0.30-a0-122-g2a1322497e (webtiles) character file.

Game seed: 5485321343124428924

65 DungeonMaster the Sneak (level 3, -3/28 HPs)
             Began as a Demonspawn Wanderer on Sept 15, 2022.
             Killed from afar by a hobgoblin (9 damage)
             ... with a bolt of light
             ... on level 2 of the Dungeon.
             The game lasted 00:03:06 (1561 turns).

DungeonMaster the Sneak (Demonspawn Wanderer)       Turns: 1561, Time: 00:03:07

Health: -3/28      AC:  4    Str: 13    XL:     3   Next: 92%
Magic:  4/4        EV: 10    Int: 13    God:
Gold:   94         SH:  7    Dex: 13    Spells: 3/4 levels left

rFire   . . .      SeeInvis .    a - +2 short sword (vamp)
rCold   . . .      Faith    .    f - +0 kite shield
rNeg    . . .      Spirit   .    n - +0 leather armour
rPois   .          Reflect  .    q - +0 helmet
rElec   .          Harm     .    (no cloak)
rCorr   .          Rampage  .    (no gloves)
Will    .....                    (no boots)
Stlth   ++........               (no amulet)
HPRegen 0.09/turn                (no ring)
MPRegen 0.09/turn                (no ring)

@: no status effects
A: demonic touch 2
a: no special abilities


You were on level 2 of the Dungeon.
You visited 1 branch of the dungeon, and saw 2 of its levels.

You collected 94 gold pieces.

Inventory:

Hand Weapons
 a - a +2 vampiric short sword (weapon)
 p - a +0 sling of flaming
Missiles
 g - 22 stones
Armour
 f - a +0 kite shield (worn)
 n - a +0 leather armour (worn)
 q - a +0 helmet (worn)
Wands
 c - a wand of polymorph (4)
Scrolls
 b - a scroll of summoning
Potions
 d - 2 potions of might
 h - a potion of resistance {unknown}
 i - a potion of curing {unknown}
 j - a potion of mutation {unknown}
 k - a potion of cancellation {unknown}
 l - 2 potions of ambrosia
 o - a potion of attraction {unknown}


   Skills:
 * Level 2.3 Fighting
 * Level 2.6 Dodging
 - Level 2.6 Stealth
 * Level 1.5 Shields
 - Level 1.0 Spellcasting
 - Level 2.0 Conjurations
 - Level 1.0 Evocations


You had 3 spell levels left.
You knew the following spells:

 Your Spells              Type           Power      Damage    Failure   Level
a - Foxfire               Conj/Fire      12%        2x1d4     63%         1

Your spell library contained the following spells:

 Spells                   Type           Power      Damage    Failure   Level
 Apportation              Tloc           0%         N/A       77%         1
 Necrotise                Necr           0%         1d4       77%         1
 Summon Small Mammal      Summ           0%         N/A       77%         1
 Dazzling Flash           Conj/Hex       6%         N/A       94%         3


Dungeon Overview and Level Annotations

Branches:
Dungeon (2/15)

Altars:


Innate Abilities, Weirdness & Mutations

Your touch may inflict irresistible damage on your foes.


Message History

You barely miss the quokka. You block the quokka's attack.
You barely miss the quokka. The quokka bites you. x2
You barely miss the quokka. You block the quokka's attack.
You barely miss the quokka. The quokka closely misses you.
You hit the quokka.
You feel better.
You kill the quokka!
An adder comes into view.
s - a scroll labelled TAHOID UKLYTH You start putting on your armour.
You continue putting on your +0 helmet. x4
You finish putting on your +0 helmet.
As you read the scroll labelled NOTINE MYSAPO, it crumbles to dust.
You hear a loud clanging noise!
It was a scroll of noise.
You hear an angry hiss.
As you read the scroll labelled GAORIBAA ISALA, it crumbles to dust.
You assume a fearsome visage.
Nothing appears to happen.
It was a scroll of fear.
As you read the scroll labelled ROH WIGASO, it crumbles to dust.
It is a scroll of identify.
l - 2 potions of ambrosia
As you read the scroll labelled TAHOID UKLYTH, it crumbles to dust.
You feel strangely unstable.
It was a scroll of teleportation.
Your surroundings suddenly seem different.
A hobgoblin comes into view.
It is wielding a +0 club and carrying a wand of light (3).
The hobgoblin shouts!
You hit the hobgoblin.
The hobgoblin is severely wounded.
The hobgoblin hits you with a +0 club.
You barely miss the hobgoblin.
The hobgoblin is severely wounded.
The hobgoblin hits you with a +0 club.
You hit the hobgoblin.
The hobgoblin is almost dead.
The hobgoblin zaps a wand.
The bolt of light hits you!
Ouch! That really hurt!
* * * LOW HITPOINT WARNING * * *
You barely miss the hobgoblin.
The hobgoblin is almost dead.
The hobgoblin zaps a wand.
The bolt of light hits you!
You die...

# .....# ##.### ......
......#### ..... .
##.##....### ##...##.#
#..#####...## #........
#.# ###..####....>.#.
#.# ##...##........ #.#
###...@....... #.#
#######.g...... #.####
##...###......##
.....####.....##......#
#.##..##.......#......#
..###..........########
#######.....†<<......
##............#######
.......##....†##


You could see a hobgoblin.

Vanquished Creatures
  Robin (D:2)
  2 dart slugs (D:1)
  2 ball pythons (D:2)
  An endoplasm (D:1)
  2 giant cockroaches (D:1)
  14 goblins
  5 hobgoblins
  4 jackals (D:1)
  A quokka (D:2)
  2 bats
  7 kobolds
  3 rats
44 creatures vanquished.

Notes
Turn   | Place    | Note
-------+----------+-------------------------------------------
     0 | D:1      | DungeonMaster the Demonspawn Wanderer began the quest for
                  | the Orb.
     0 | D:1      | DungeonMaster set off with the following items: a +2
                  | dagger, a scroll of summoning, a wand of polymorph (4), a
                  | potion of might, a +0 robe; and the following spell
                  | memorised: Foxfire; and the following spells available to
                  | memorise: Dazzling Flash.
     0 | D:1      | Reached XP level 1. HP: 15/15 MP: 2/2
   179 | D:1      | Found a faded altar of an unknown god.
   560 | D:1      | Gained mutation: Your touch may inflict minor irresistible
                  | damage on your foes. [demonic ancestry]
   560 | D:1      | Reached XP level 2. HP: 15/21 MP: 3/3
   983 | D:1      | Reached skill level 1 in Shields
  1014 | D:1      | Gained mutation: Your touch may inflict irresistible damage
                  | on your foes. [demonic ancestry]
  1014 | D:1      | Reached XP level 3. HP: 27/27 MP: 4/4
  1357 | D:2      | Noticed Robin
  1385 | D:2      | Killed Robin
  1561 | D:2      | Killed from afar by a hobgoblin

Illustrated notes

Levels and vault maps discovered:
D:1:      dpeg_arrival_rooms_with_view, layout_basic,
          ebering_ecumenical_altar_rust, minmay_nonomino_d4
D:2:      layout_rooms, uniq_robin, uniq_natasha

Skill      XL: |  1  2  3 |
---------------+----------+-----
Dodging        | 2 |  2.6
Shields        | 1 |  1.5
Fighting       | 2 |  2.3
Stealth        | |  2.6
Spellcasting   | |  1.0
Conjurations   | |  2.0
Evocations     | |  1.0

Action                   || total
-------------------------++-------
Melee: Dagger            ||    34
       Short sword       ||   126
  Use: Scroll            ||     4
 Stab: Distracted        ||     1
       Sleeping          ||     2
Armor: Robe              ||     6
       Leather armour    ||    21
Dodge: Dodged            ||    65
Block: Kite shield       ||    54

Table legend: (Time is in decaauts)
 A = Elapsed time spent in this place.
 B = Non-inter-level travel time spent in this place.
 C = Inter-level travel time spent in this place.
 D = Time resting spent in this place.
 E = Time spent auto-exploring this place.
 F = Levels seen in this place.
 G = Mean time per level.
                   A        B        C        D        E       F      G
               +--------+--------+--------+--------+--------+-----+--------+
         Total |   1587 |   1587 |      0 |    266 |    897 |   2 |  793.5 |
       Dungeon |   1587 |   1587 |      0 |    266 |    897 |   2 |  793.5 |
               +--------+--------+--------+--------+--------+-----+--------+

Top non-repeatable levels by time:
     D:1: 1306 daAuts
     D:2: 281 daAuts
